 Dungeon Crawl Stone Soup version 0.29.1-14-g9c671dbff4 (webtiles) character file.

Game seed: 13594687756193813404

74 protoss039 the Digger (level 4, 0/33 HPs)
             Began as a Demonspawn Earth Elementalist on Feb 19, 2023.
             Slain by Grinder (4 damage)
             ... on level 3 of the Dungeon.
             The game lasted 00:02:23 (2796 turns).

protoss039 the Digger (DsEE)                        Turns: 2796, Time: 00:02:23

Health: 0/33       AC:  5    Str:  8    XL:     4   Next: 9%
Magic:  6/8        EV:  9    Int: 19    God:
Gold:   133        SH:  0    Dex: 13    Spells: 5/8 levels left

rFire   . . .      SeeInvis .   h - +1 dagger (venom)
rCold   . . .      Faith    .   (no shield)
rNeg    . . .      Spirit   .   a - +0 robe
rPois   .          Reflect  .   d - +0 helmet
rElec   .          Harm     .   (no cloak)
rCorr   .          Rampage  .   (no gloves)
Will    .....                   (no boots)
Stlth   ++........              (no amulet)
HPRegen 0.11/turn               (no ring)
MPRegen 0.22/turn               (no ring)

@: grasped by roots, constricted
A: molten scales 1, magic regeneration
a: no special abilities


You were on level 3 of the Dungeon.
You visited 1 branch of the dungeon, and saw 3 of its levels.

You collected 133 gold pieces.

Inventory:

Hand Weapons
 h - a +1 dagger of venom (weapon)
Armour
 a - a +0 robe (worn)
 d - a +0 helmet (worn)
Magical Staves
 j - a staff of cold
Jewellery
 k - a ring of ice
Scrolls
 e - a scroll of vulnerability {unknown}
 f - 6 scrolls of identify {unknown}
 g - a scroll of butterflies {unknown}
 i - 6 scrolls of teleportation {unknown}
 l - a scroll of brand weapon {unknown}
 m - a scroll of poison {unknown}
 o - a scroll of noise {unknown}
 p - a scroll of fear {unknown}
 q - a scroll of amnesia {unknown}
 s - a scroll of immolation {unknown}
Potions
 b - a potion of magic
 c - a potion of degeneration {unknown}
 n - a potion of resistance {unknown}
 r - a potion of cancellation {unknown}


   Skills:
 + Level 1.9 Fighting
 - Level 1.7 Dodging
 - Level 1.7 Stealth
 + Level 2.9 Spellcasting
 - Level 0.8 Transmutations
 + Level 3.3 Earth Magic


You had 5 spell levels left.
You knew the following spells:

 Your Spells              Type           Power      Damage    Failure   Level
a - Sandblast             Erth           30%        2d9       3%          1
b - Passwall              Tmut/Erth      8%         N/A       10%         2

Your spell library contained the following spells:

 Spells                   Type           Power      Damage    Failure   Level
 Apportation              Tloc           4%         N/A       16%         1
 Necrotise                Necr           8%         1d4       16%         1
 Slow                     Hex            8%         N/A       16%         1
 Summon Small Mammal      Summ           8%         N/A       16%         1
 Stone Arrow              Conj/Erth      18%        3d8       22%         3
 Confusing Touch          Hex            2%         N/A       43%         3
 Vampiric Draining        Necr           2%         2d6       43%         3
 Petrify                  Tmut/Erth      10%        N/A       54%         4


Dungeon Overview and Level Annotations

Branches:
Dungeon (3/15) Zot: 15176

Altars:
Ashenzari

Annotations:
D:3 Grinder


Innate Abilities, Weirdness & Mutations

You are partially covered in molten scales. (AC +2)
You regenerate magic rapidly.


Message History

You hit the goblin.
You kill the goblin!
Unknown command.
Grinder gestures at you.
You suddenly lose the ability to move!
Grinder blinks!
You can move again.
Things that are here:
a +0 club; a goblin corpse
Casting: Sandblast (safe; 3% risk of failure)
Confirm with . or Enter, or press ? or * to list all spells.
Aiming: Sandblast (safe; 3% risk of failure)
Press: ? - help, Shift-Dir - straight line, f - Grinder
Aim: Grinder, carrying a wand of roots (10) (80% to hit)
The blast of sand hits Grinder!
Grinder is moderately wounded.
Grinder zaps a wand.
The roots erupt in riotous growth!
The grasping roots grab you! The grasping roots constrict you. x2
You hear a shout!
Casting: Sandblast (safe; 3% risk of failure)
Confirm with . or Enter, or press ? or * to list all spells.
Aiming: Sandblast (safe; 3% risk of failure)
Press: ? - help, Shift-Dir - straight line, f/p - Grinder
Aim: Grinder, carrying a wand of roots (9) (moderately wounded, 80% to hit)
The blast of sand hits Grinder but does no damage.
Grinder is moderately wounded.
Grinder hits you.
You writhe in agony.
The grasping roots constrict you.
Unknown command.
Casting: Sandblast (safe; 3% risk of failure)
Confirm with . or Enter, or press ? or * to list all spells.
Aiming: Sandblast (safe; 3% risk of failure)
Press: ? - help, Shift-Dir - straight line, f/p - Grinder
Aim: Grinder, carrying a wand of roots (9) (moderately wounded, 80% to hit)
The blast of sand hits Grinder!
Grinder is heavily wounded.
Grinder hits you!
* * * LOW HITPOINT WARNING * * *
You writhe in agony.
You die...

#.# #....# #.#
##...#######
##.####..........
...........#########
...........##......#
...........##......# #
...........##......###.#
##.####....##....5.....#
#.# #....##...@......#
#.####....#####.......#
#.........#####.......#
######.........>...##.#
#.............# #
#.##..........#
#.##............!
#.###......#####.
#............. #


You could see Grinder.

Vanquished Creatures
  2 adders (D:2)
  A worm (D:2)
  2 dart slugs
  3 endoplasms
  A giant cockroach (D:2)
  4 goblins
  7 hobgoblins
  3 quokkas
  10 ball pythons
  6 bats
  4 frilled lizards
  2 kobolds
  3 rats
48 creatures vanquished.

Notes
Turn   | Place    | Note
-------+----------+-------------------------------------------
     0 | D:1      | protoss039 the Demonspawn Earth Elementalist began the
                  | quest for the Orb.
     0 | D:1      | Reached XP level 1. HP: 13/13 MP: 3/3
   452 | D:1      | Gained mutation: You are partially covered in molten
                  | scales. (AC +2) [demonic ancestry]
   452 | D:1      | Reached XP level 2. HP: 17/20 MP: 3/5
   522 | D:1      | You fall into a shaft and drop 1 floor!
   579 | D:1      | Reached skill level 1 in Fighting
   634 | D:1      | Reached skill level 3 in Earth Magic
  1187 | D:1      | Learned a level 2 spell: Passwall
  1403 | D:2      | Reached XP level 3. HP: 21/26 MP: 6/6
  1576 | D:2      | Found a faded altar of an unknown god.
  2280 | D:3      | Found a broken altar of Ashenzari.
  2344 | D:3      | Gained mutation: You regenerate magic rapidly. [demonic
                  | ancestry]
  2344 | D:3      | Reached XP level 4. HP: 33/33 MP: 6/8
  2787 | D:3      | Noticed Grinder
  2792 | D:3      | Paralysed by Grinder for 2 turns
  2796 | D:3      | Slain by Grinder

Illustrated notes

Levels and vault maps discovered:
D:1:      roderic_chinese_lattice_arrival, layout_basic
D:2:      minmay_recursive_quarters, layout_basic,
          hellmonk_ecumenical_altar_lost_god, minivault_14
D:3:      layout_basic, ashenzari_conservatory_becter, corexii_hall_statues_i,
          due_unseen_surprise, uniq_grinder

Skill      XL: |  1  2 |
---------------+-------+-----
Fighting       | 1 |  1.9
Earth Magic    | 3 |  3.3
Dodging        | |  1.7
Stealth        | |  1.7
Spellcasting   | |  2.9
Transmutations | |  0.8

Action                   |  1- 3 |  4- 6 || total
-------------------------+-------+-------++-------
Melee: Unarmed           |    24 |       ||    24
       Dagger            |    55 |     8 ||    63
 Cast: Sandblast         |    50 |     7 ||    57
 Stab: Sleeping          |     1 |       ||     1
Armor: Robe              |    47 |     1 ||    48
Dodge: Dodged            |   103 |     4 ||   107
